 Dungeon Crawl Stone Soup version 0.31-a0-237-g2d982f9f85 (webtiles) character file.

Game seed: 7382796978271581812

219 qw the Shooter (level 5, -2/32 HPs)
             Began as a Gargoyle Hexslinger on July 10, 2023.
             Slain by an orc
             ... wielding a +0 mace
              (5 damage)
             ... on level 3 of the Dungeon.
             The game lasted 00:00:50 (1900 turns).

qw the Shooter (Gargoyle Hexslinger)                Turns: 1900, Time: 00:00:51

Health: -2/32      AC:  7    Str: 18    XL:     5   Next: 96%
Magic:  6/6        EV: 11    Int: 13    God:
Gold:   171        SH:  0    Dex: 14    Spells: 5/6 levels left

rFire   . . .        Y - +1 sling
rCold   . . .        (no shield)
rNeg    + . .        b - +0 leather armour
rPois   inf          (no helmet)
rElec   +            (no cloak)
rCorr   .            (no gloves)
SInv    .            (no boots)
Will    .....        i - amulet of the acrobat
Stlth   +            e - +6 ring of strength
HPRegen 0.25/turn    (no ring)
MPRegen 0.10/turn

%: acrobat
@: no status effects
A: sickness immunity, AC +4, negative energy resistance 1, electricity
resistance, torment resistance 1, petrification resistance
a: no special abilities


You were on level 3 of the Dungeon.
You visited 1 branch of the dungeon, and saw 4 of its levels.

You collected 171 gold pieces.


Innate Abilities, Weirdness & Mutations

You are immune to sickness and miasma.
Your stone body is resilient. (AC +4)
You are immune to poison.
You resist negative energy. (rN+)
You are resistant to electric shocks. (rElec)
You are resistant to unholy torment.
You are immune to petrification.


   Skills:
 - Level 3.4 Fighting
 + Level 5.1 Ranged Weapons
 - Level 1.5 Dodging
 - Level 1.0 Spellcasting
 - Level 2.6 Hexes


You had 5 spell levels left.
You knew the following spells:

 Your Spells              Type           Power      Damage    Failure   Level
a - Slow                  Hex            28%        N/A       11%         1

Your spell library contained the following spells:

 Spells                   Type           Power      Damage    Failure   Level
 Inner Flame              Hex/Fire       4%         N/A       50%         3
 Portal Projectile        Hex/Tloc       8%         N/A       50%         3
 Cause Fear               Hex            3%         N/A       73%         4

Inventory:

Hand Weapons
 Y - a +1 sling (weapon)
Armour
 b - a +0 leather armour (worn)
Jewellery
 e - a +6 ring of strength (left hand)
 f - a ring of ice
 i - an amulet of the acrobat (around neck)
Scrolls
 j - a scroll of identify
Potions
 g - a potion of curing
 h - a potion of degeneration {unknown}
 k - a potion of enlightenment {unknown}

Dungeon Overview and Level Annotations

Branches:
Dungeon (4/15)
 Temple: D:4-7

Altars:
Uskayaw


Message History

The ball python grabs you.
You stop ascending the stairs.
The ball python constricts you.
You shoot a sling bullet. The sling bullet hits the ball python.
The ball python is severely wounded.
The orc hits you but does no damage. x2
The orc wizard hits you but does no damage.
The orc hits you with a +0 club. The ball python barely misses you.
The ball python constricts you. The orc hits you with a +0 mace.
The orc hits you with a +0 whip. The orc wizard casts a spell at you.
The puff of flame hits you. The orc closely misses you.
You shoot a sling bullet.
The sling bullet barely misses the ball python.
The ball python bites you but does no damage.
The ball python constricts you. The orc hits you but does no damage. x2
The orc closely misses you.
The orc wizard hits you but does no damage.
You shoot a sling bullet. The sling bullet hits the ball python.
You kill the ball python!
The orc misses you. The orc closely misses you.
The orc wizard hits you but does no damage.
The orc hits you with a +0 club.
1897 ||| STAIRDANCE The orc hits you with a +0 mace.
The orc hits you but does no damage. The orc wizard casts a spell at you.
The magic dart hits you. The orc hits you but does no damage.
You climb upwards.
There is a stone staircase leading down here.
You shoot a sling bullet.
The sling bullet hits the orc wizard but does no damage.
The orc wizard is lightly wounded.
The orc barely misses you. The orc hits you but does no damage.
The orc completely misses you.
The orc wizard gestures at you while chanting.
You resist with some effort.
You shoot a sling bullet.
The sling bullet hits the orc wizard but does no damage.
The orc wizard is lightly wounded.
The orc hits you with a +0 mace.
You die...

#......###..# #.##
#......#...## #####.#.
#........###
###..(#...
##'###.....#
#.....'... #.###.....#
#.#...####
#...#.....###.#......<
###.........#.#.######
##o[o...#.#...<#
##@o...#.###.##
#####o...#.#...######
#.......##.#.#.#..¤¤¤
#...()..#....###.###¤
#.......#.........#¤¤
#.......#.#########((
#.......#.........###
#..>....#########.#.#
#.........:.......#.#


You could see an orc wizard and 3 orcs.

Vanquished Creatures
  A bullfrog (D:3)
  An orc priest (D:3)
  3 gnolls (D:3)
  3 adders
  2 worms
  2 dart slugs
  4 orcs (D:3)
  4 ball pythons
  6 endoplasms
  2 giant cockroaches (D:1)
  4 hobgoblins
  A jackal (D:1)
  2 quokkas (D:1)
  9 bats
  7 frilled lizards
  6 kobolds
  3 rats
60 creatures vanquished.

Notes
Turn   | Place    | Note
-------+----------+-------------------------------------------
     0 | D:1      | qw the Gargoyle Hexslinger began the quest for the Orb.
     0 | D:1      | Reached XP level 1. HP: 12/12 MP: 2/2
     0 | D:1      | 0 ||| qw: Version: 0.3-a-52-g30416fa
     0 | D:1      | 0 ||| qw: Game counter: 5264
     0 | D:1      | 0 ||| qw: Melee chars always use a shield: true
     0 | D:1      | 0 ||| qw: God list: Okawaru
     0 | D:1      | 0 ||| qw: Allow faded altars: false
     0 | D:1      | 0 ||| qw: Do Orc after clearing Dungeon:15 true
     0 | D:1      | 0 ||| qw: Do second Lair branch before Depths: true
     0 | D:1      | 0 ||| qw: Lair rune preference: random
     0 | D:1      | 0 ||| qw: Goals: Normal
     0 | D:1      | 0 ||| PLANNING D:1-11
   206 | D:1      | 206 ||| FLEEEEING.
   210 | D:1      | 210 ||| FLEEEEING.
   214 | D:1      | 214 ||| FLEEEEING.
   215 | D:1      | 215 ||| FLEEEEING.
   216 | D:1      | 216 ||| FLEEEEING.
   245 | D:1      | Reached XP level 2. HP: 16/16 MP: 3/3
   288 | D:1      | Reached skill level 3 in Ranged Weapons
   392 | D:1      | Reached XP level 3. HP: 21/21 MP: 4/4
   730 | D:1      | 730 ||| UPGRADING to +6 ring of strength.
   731 | D:1      | 731 ||| DROPPING scroll of poison.
   810 | D:2      | Identified the +4 hand axe of the Maze {vamp, rF++ Str-2}
  1053 | D:2      | Found a faded altar of an unknown god.
  1158 | D:2      | 1158 ||| READING scroll labelled CIXECY QUAC.
  1159 | D:2      | 1159 ||| READING scroll labelled FESECK RAHU.
  1160 | D:2      | 1160 ||| READING scroll labelled HAPLYNENUW.
  1214 | D:3      | Reached XP level 4. HP: 26/26 MP: 5/5
  1269 | D:3      | Found a hide-covered altar of Uskayaw.
  1290 | D:3      | Reached skill level 4 in Ranged Weapons
  1348 | D:3      | Noticed a bullfrog
  1352 | D:3      | Killed a bullfrog
  1353 | D:3      | Reached XP level 5. HP: 30/30 MP: 6/6
  1395 | D:3      | Reached skill level 5 in Ranged Weapons
  1797 | D:3      | 1797 ||| UPGRADING to +0 leather armour.
  1807 | D:3      | 1807 ||| DROPPING +0 robe.
  1808 | D:3      | 1808 ||| UPGRADING to amulet of the acrobat.
  1813 | D:3      | 1813 ||| READING scroll labelled RIPTOK AMAUHAV.
  1814 | D:3      | 1814 ||| DRINKING 2 smoky blue potions.
  1815 | D:3      | 1815 ||| READING 2 scrolls of identify.
  1815 | D:3      | 1815 ||| IDENTIFYING ruby potion
  1816 | D:3      | 1816 ||| DROPPING potion of ambrosia.
  1838 | D:4      | 1838 ||| PLANNING SEWER
  1839 | D:4      | 1839 ||| STAIRDANCE
  1849 | D:3      | Reached skill level 3 in Fighting
  1893 | D:4      | 1893 ||| STAIRDANCE
  1894 | D:4      | HP: 6/32 [orc wizard/puff of flame (3)]
  1897 | D:4      | 1897 ||| STAIRDANCE
  1897 | D:4      | HP: 2/32 [orc wizard/magic dart (1)]
  1900 | D:3      | Slain by an orc

Levels and vault maps discovered:
D:1:      dpeg_arrival_circle_labyrinth_a, layout_loops_ring, minmay_ruptured
D:2:      layout_rooms, serial_forest, infiniplex_forest_end_2,
          infiniplex_forest_lined_2, infiniplex_forest_corner_1,
          infiniplex_forest_lined_4_way, infiniplex_forest_lined_room_3,
          infiniplex_forest_end_2, infiniplex_forest_clump_diagonal,
          ebering_ecumenical_altar_mist
D:3:      layout_basic, old_standard_altar, supply_closet_lemuel, st_stairs_14
D:4:      layout_layer_cave, gup_sewer_entry_bowl

Skill      XL: |  1  2  3  4  5 |
---------------+----------------+-----
Ranged Weapons | 3 4 5 |  5.1
Fighting       | 2 3 |  3.4
Dodging        | |  1.5
Spellcasting   | |  1.0
Hexes          | |  2.6

Action                     |  1- 3 |  4- 6 || total
---------------------------+-------+-------++-------
   Fire: Sling             |    96 |    96 ||   192
    Use: Scroll            |     3 |     2 ||     5
         Potion            |       |     1 ||     1
 Armour: Robe              |     6 |    15 ||    21
         Leather armour    |       |    19 ||    19
  Dodge: Dodged            |    15 |    57 ||    72

Table legend:
 A = Non-vault XP
 B = Vault XP
 C = Vault XP percentage of total XP
 D = Non-vault monster count
 E = Vault monster count
 F = Vault count percentage of total count
                 A         B        C        D         E       F
            +---------+---------+-------+---------+---------+-------
      Total |     304 |      10 |   3.2 |      54 |       6 |  10.0
            +---------+---------+-------+---------+---------+-------
        D:1 |      37 |       8 |  17.8 |      22 |       5 |  18.5
        D:2 |      29 |       0 |   0.0 |       9 |       0 |   0.0
        D:3 |     237 |       2 |   0.8 |      22 |       1 |   4.3
        D:4 |       1 |       0 |   0.0 |       1 |       0 |   0.0
            +---------+---------+-------+---------+---------+-------
